 Dungeon Crawl Stone Soup version 0.18-a0-1435-gee79d65 (webtiles) character file.

18449 4thArraOfDagon the Covert (level 12, -5/60 HPs)
             Began as a Felid Fighter on Feb 28, 2016.
             Was an Elder of Cheibriados.
             Slain by a griffon (14 damage)
             ... on level 15 of the Dungeon.
             The game lasted 00:38:39 (6173 turns).

4thArraOfDagon the Covert (Felid Fighter)           Turns: 6173, Time: 00:38:40

Health: -5/60      AC:  5    Str: 22    XL:     12   Next: 27%
Magic:  3/19       EV: 34    Int: 22    God:    Cheibriados [****..]
Gold:   154        SH:  0    Dex: 30    Spells: 0 memorised, 11 levels left
                                        Lives:  0   Deaths: 3

rFire  + . .     SeeInvis +       - Unarmed
rCold  + + .     Gourm    .     (armour unavailable)
rNeg   . . .     Faith    .     (shield unavailable)
rPois  +         Spirit   .     (helmet unavailable)
rElec  .         Dismiss  .     (cloak unavailable)
rCorr  .         Reflect  .     (gloves unavailable)
SustAt .         Harm     .     (boots unavailable)
MR     +....     Rnd*Rage +     D - amulet of regeneration
Stlth  ++++++++..               G - ring of protection from fire
                                l - ring of poison resistance

@: very slow, somewhat resistant to hostile enchantments, extraordinarily
stealthy
A: no armour, no weapons or thrown items, antennae 1, claws 1, fangs 3, rugged
brown scales 2, see invisible, berserk 1, blink, carnivore 3, clever 1, cold
resistance 1, speed 1, shaggy fur 3, slow metabolism 1, MP-powered wands, sharp
paws
a: Blink, Bend Time, Temporal Distortion, Slouch, Renounce Religion


You were on level 15 of the Dungeon.
You worshipped Cheibriados.
Cheibriados was greatly pleased with you.
You were very full.

You visited 2 branches of the dungeon, and saw 16 of its levels.

You collected 748 gold pieces.
You spent 594 gold pieces at shops.

Inventory:

Jewellery
 l - a ring of poison resistance (left paw)
 y - an uncursed ring of ice
 C - a -3 ring of protection
 D - an amulet of regeneration (around neck)
 G - a ring of protection from fire (right paw)
Wands
 m - a wand of iceblast (3/15)
 p - a wand of flame (19/48)
 q - a wand of iceblast (2/15)
 u - a wand of confusion (17/48)
 B - a wand of acid (0/15)
Scrolls
 d - a scroll of teleportation
 f - 5 scrolls of remove curse
 i - a scroll of blinking
 k - 4 scrolls of enchant weapon
 o - 2 scrolls of brand weapon {unknown}
 s - a scroll of amnesia {unknown}
 t - 2 scrolls of recharging {unknown}
 v - 2 scrolls of magic mapping {unknown}
 x - a scroll of immolation {unknown}
 z - a scroll of fear {unknown}
 H - a scroll of fog {unknown}
Potions
 e - 2 potions of brilliance
 h - 3 potions of might
 j - 2 potions of haste
 r - a potion of cancellation
 A - a potion of flight
 E - a potion of agility
 F - 2 potions of curing
 J - a potion of resistance
 K - a potion of lignification
Books
 w - an Akashic Record

   Spells                             Type                      Level
   a - Dispersal                      Translocation                6
   b - Malign Gateway                 Summoning/Translocation      7
   c - Disjunction                    Translocation                8
   d - Controlled Blink               Translocation                8
Miscellaneous
 a - a plain deck of defence {the Shadow, drawn: 11}
 n - a phantom mirror
Comestibles
 b - 4 meat rations
 c - 2 slices of pizza
 g - a beef jerky
 I - a royal jelly


   Skills:
 + Level 10.0 Fighting
 + Level 12.4 Dodging
 + Level 14.4 Stealth
 + Level 10.3 Unarmed Combat
 + Level 8.8 Invocations


You had 11 spell levels left.
You didn't know any spells.

Dungeon Overview and Level Annotations

Branches:
Dungeon (15/15)            Temple (1/1) D:6
   Lair: D:8-11         Orc: D:9-12      Vaults: D:13-14     Depths: D:15

Altars:
Ashenzari
Cheibriados
Elyvilon
Fedhas
Gozag
Kikubaaqudgha
Makhleb
Nemelex Xobeh
Okawaru
Pakellas
Qazlal
Ru
Sif Muna
Trog
Vehumet
Yredelemnul
Zin
The Shining One

Shops:
D:8 (   D:9 !   D:11 =   D:14 =[[

Annotations:
D:4 DarkxAkira's ghost, amateur MiFi
D:6 Grinder; Menkaure


Innate Abilities, Weirdness & Mutations

You cannot wear armour.
You are incapable of wielding weapons or throwing items.
You have sharp claws.
You have razor-sharp teeth.
You have supernaturally acute eyesight.
You are carnivorous and can eat meat at any time.
You cover ground quickly.
Your thick and shaggy fur keeps you warm (AC +3, rC+).
You have a slow metabolism.
Your sharp claws are effective at attacking unaware monsters.
You have a pair of small antennae on your head.
You are mostly covered in rugged brown scales (AC +2, +5% HP).
You tend to lose your temper in combat.
You can translocate small distances at will.
Your mind is acute. (Int +2)
Your flesh is cold resistant.
You expend magic power (3 MP) to strengthen your wands.


Message History

The griffon is heavily wounded.
The griffon misses you. The griffon pecks you!
The griffon completely misses you.
You scratch the griffon but do no damage.
The griffon is heavily wounded.
You barely miss the griffon. You bite the griffon!
The griffon is severely wounded.
The griffon bites you!
* * * LOW HITPOINT WARNING * * *
The griffon completely misses you. The griffon misses you.
Unknown command.
You scratch the griffon but do no damage.
You claw the griffon.
The griffon is severely wounded.
Unknown command.
You barely miss the griffon. Your claw misses the griffon.
You bite the griffon, but do no damage.
The griffon is severely wounded.
The griffon bites you!
You die...

.. .. . . .. .. #.
##.# .. .##.##..#.#
.#.#..#
....##....##....)#
#...#.##..#.....#.
.##......##!))......
......##..#†##...##.
#...##.H..# .##
#....#@##..# #
#..<....##...[
#........#.....
####............
##..........#
############


You could see a griffon.

Vanquished Creatures
  A hydra (D:11)
  2 centaur warriors (D:14)
  A tengu warrior (D:15)
  4 unseen horrors
  2 hill giants
  2 deep elf magi
  2 ugly things
  A cyclops (D:11)
  Maurice (D:9)
  4 centaur skeletons (D:14)
  2 gargoyles (D:12)
  A kobold demonologist (D:14)
  A polar bear (D:9)
  2 trolls
  2 two-headed ogres
  25 yaks
  A shadow (D:14)
  3 wraiths
  A water elemental (D:14)
  A basilisk (D:15)
  2 hippogriffs
  A vampire mosquito (D:12)
  A wolf (D:9)
  A mottled dragon (D:12)
  2 water moccasins
  An orc warrior (D:10)
  2 porcupines (D:8)
  A black bear (D:11)
  2 necrophages (D:9)
  6 ice beasts
  3 sky beasts
  An eye of draining (D:8)
  7 ogres
  12 centaurs
  2 big kobolds
  4 giant frogs
  A scorpion (D:8)
  4 wights (D:10)
  7 killer bees
  A howler monkey (D:4)
  3 centaur zombies
  5 crimson imps
  A giant frog zombie (D:4)
  2 hounds
  3 orc wizards
  A water moccasin simulacrum (D:9)
  3 jellies
  4 orc priests
  A giant frog skeleton (D:10)
  3 iguanas
  Natasha (D:4)
  10 worker ants
  4 sheep (D:11)
  A hound skeleton (D:5)
  A worker ant zombie (D:11)
  10 adders
  A shadow imp (D:13)
  A white imp (D:9)
  An ooze (D:3)
  An adder zombie (D:5)
  2 worms
  3 giant geckos
  31 orcs
  5 bats
  2 giant cockroaches (D:2)
  2 goblins
  5 hobgoblins
  3 jackals (D:11)
  21 kobolds
  5 quokkas
  A ball python skeleton (D:4)
  7 giant newts
  5 rats
269 creatures vanquished.

Vanquished Creatures (others)
  A plant (D:8)
1 creature vanquished.

Grand Total: 270 creatures vanquished

Notes
Turn   | Place    | Note
--------------------------------------------------------------
     0 | D:1      | 4thArraOfDagon the Felid Fighter began the quest for the Orb.
     0 | D:1      | Reached XP level 1. HP: 10/10 MP: 2/2
    51 | D:2      | Reached skill level 1 in Stealth
   110 | D:3      | Reached skill level 2 in Stealth
   110 | D:3      | Reached XP level 2. HP: 12/14 MP: 3/3
   171 | D:3      | Reached skill level 3 in Stealth
   241 | D:3      | Found a glowing golden altar of the Shining One.
   268 | D:4      | Noticed a howler monkey
   268 | D:4      | Noticed an ogre
   276 | D:4      | Killed an ogre
   276 | D:4      | Reached skill level 6 in Stealth
   276 | D:4      | Reached XP level 3. HP: 10/17 MP: 4/4
   276 | D:4      | Reached XP level 4. HP: 12/21 MP: 5/5
   279 | D:4      | Reached XP level 5. HP: 12/24 MP: 6/6
   292 | D:4      | Found a blossoming altar of Fedhas.
   334 | D:4      | HP: 1/24 [giant frog zombie (6)]
   336 | D:4      | Reached skill level 7 in Stealth
   510 | D:5      | Entered Level 5 of the Dungeon
   554 | D:5      | Noticed a centaur
   559 | D:5      | Found a sparkling altar of Nemelex Xobeh.
   569 | D:5      | OFC
   578 | D:5      | Slain by a centaur
   579 | D:5      | Reached XP level 4. HP: -2/21 MP: 5/5
   584 | D:5      | Killed a centaur
   584 | D:5      | Reached XP level 5. HP: 24/24 MP: 6/6
   675 | D:6      | BLOAX: The centaur hits you!
   725 | D:6      | Noticed Grinder
   765 | D:5      | Noticed a phantom
   981 | D:5      | Noticed an ogre
   987 | D:4      | Noticed DarkxAkira's ghost (amateur MiFi)
  1026 | D:5      | Killed an ogre
  1026 | D:5      | Reached skill level 5 in Dodging
  1026 | D:5      | Gained mutation: You are covered in thick fur (AC +2). [Felid growth]
  1026 | D:5      | Reached XP level 6. HP: 28/28 MP: 7/7
  1093 | D:5      | Noticed a water moccasin
  1098 | D:5      | Killed a water moccasin
  1110 | D:5      | Reached skill level 8 in Stealth
  1245 | D:6      | Noticed Menkaure
  1251 | D:6      | Found a bloodstained altar of Trog.
  1360 | D:7      | Reached skill level 5 in Unarmed Combat
  1360 | D:7      | Reached XP level 7. HP: 31/33 MP: 8/8
  1523 | D:6      | Found a staircase to the Ecumenical Temple.
  1554 | Temple   | Entered the Ecumenical Temple
  1587 | Temple   | Became a worshipper of Cheibriados the Contemplative
  1807 | D:9      | Noticed a yak
  1807 | D:9      | Noticed a polar bear
  1813 | D:9      | Killed a polar bear
  1813 | D:9      | Reached skill level 1 in Invocations
  1816 | D:9      | BLOAX: 4 potions of poison
  1816 | D:9      | Killed a yak
  1816 | D:9      | Reached skill level 5 in Fighting
  1816 | D:9      | Reached skill level 9 in Stealth
  1816 | D:9      | Reached XP level 8. HP: 37/37 MP: 8/10
  1829 | D:9      | BLOAX: degeneration
  1852 | D:9      | BLOAX: same shit
  1872 | D:9      | BLOAX: except that one doesn't kill you i guess
  1947 | D:8      | BLOAX: https://www.youtube.com/watch?v=WfOAJHhmxTA
  2032 | D:8      | BLOAX: oi
  2032 | D:8      | BLOAX: ALLAHU
  2032 | D:8      | BLOAX: AKBAR
  2032 | D:8      | ONE MORE LIFE
  2034 | D:8      | Slain by an orc wizard
  2035 | D:8      | Reached XP level 7. HP: 0/33 MP: 10/10
  2035 | D:8      | BLOAX: blow yourself up
  2035 | D:8      | BLOAX: aw
  2062 | D:9      | Gained mutation: You tend to lose your temper in combat. [mutagenic meat]
  2063 | D:9      | Gained mutation: You have a pair of small antennae on your head. [mutagenic meat]
  2064 | D:9      | Gained mutation: You evolve. [mutagenic meat]
  2065 | D:9      | Gained mutation: You are dopey. (Int -2) [mutagenic meat]
  2066 | D:9      | Lost mutation: You are dopey. (Int -2) [mutagenic meat]
  2067 | D:9      | Gained mutation: Your flesh is cold resistant. [mutagenic meat]
  2105 | D:9      | BLOAX: gotta love dat rot
  2108 | D:9      | Reached XP level 8. HP: 30/36 MP: 11/11
  2191 | D:9      | Reached * piety under Cheibriados
  2191 | D:9      | Reached skill level 10 in Stealth
  2355 | D:8      | Found a shattered altar of Ashenzari.
  2384 | D:8      | Found Ithupnoh's Antique Weapon Shop.
  2594 | D:4      | Reached ** piety under Cheibriados
  2676 | D:4      | Noticed Natasha
  2684 | D:4      | Killed Natasha
  2833 | D:3      | Found a basalt altar of Yredelemnul.
  2957 | D:2      | got it
  2982 | D:2      | Gained mutation: You are partially covered in rugged brown scales (AC +1, +3% HP). [evolution]
  3068 | D:1      | Lost mutation: Your flesh is cold resistant. [potion of mutation]
  3068 | D:1      | Gained mutation: Your flesh is cold resistant. [potion of mutation]
  3068 | D:1      | Gained mutation: You can translocate small distances at will. [potion of mutation]
  3125 | D:2      | You fall through a shaft for 2 floors!
  3227 | D:8      | Reached *** piety under Cheibriados
  3227 | D:8      | Reached XP level 9. HP: 41/41 MP: 13/13
  3372 | D:10     | Entered Level 10 of the Dungeon
  3396 | D:10     | Noticed Maurice
  3401 | D:10     | Noticed a troll
  3414 | D:9      | Killed Maurice
  3473 | D:9      | Reached skill level 11 in Stealth
  3490 | D:9      | Reached skill level 5 in Invocations
  3556 | D:9      | Found Daam's Distillery.
  3561 | D:9      | Bought a potion of lignification for 48 gold pieces
  3561 | D:9      | Bought a potion of flight for 48 gold pieces
  3561 | D:9      | Bought a potion of curing for 48 gold pieces
  3959 | D:10     | Reached **** piety under Cheibriados
  3981 | D:10     | Reached XP level 10. HP: 43/48 MP: 11/15
  4057 | D:11     | Found Leidugach's Jewellery Boutique.
  4063 | D:11     | Noticed an eight-headed hydra
  4065 | D:11     | Noticed an unseen horror
  4067 | D:11     | Killed an eight-headed hydra
  4070 | D:11     | Noticed a brown ugly thing
  4099 | D:12     | Noticed a red ugly thing
  4104 | D:12     | Was placed under penance by Cheibriados
  4106 | D:12     | Noticed a cyan ugly thing
  4111 | D:12     | Killed a cyan ugly thing
  4118 | D:12     | Mangled by a cyan ugly thing
  4119 | D:12     | Reached XP level 9. HP: -7/44 MP: 11/14
  4119 | D:12     | Noticed a hill giant
  4124 | D:12     | Was forgiven by Cheibriados
  4126 | D:12     | Killed a hill giant
  4126 | D:12     | Reached skill level 10 in Dodging
  4126 | D:12     | Reached skill level 12 in Stealth
  4142 | D:12     | Noticed a gargoyle
  4144 | D:12     | Killed a gargoyle
  4184 | D:13     | Noticed a troll
  4202 | D:13     | Killed a troll
  4313 | D:13     | Reached XP level 10. HP: 42/49 MP: 15/15
  4479 | D:13     | Gained mutation: You expend magic power (3 MP) to strengthen your wands. [evolution]
  4479 | D:13     | Lost mutation: You evolve. [end of evolution]
  4539 | D:11     | Noticed a cyclops
  4559 | D:11     | Killed a cyclops
  4564 | D:11     | Noticed a hill giant
  4584 | D:12     | Noticed an unseen horror
  4647 | D:10     | Gained mutation: You are clumsy. (Dex -2) [mutagenic meat]
  4648 | D:10     | Gained mutation: Your mind is acute. (Int +2) [mutagenic meat]
  4649 | D:10     | Gained mutation: You are mostly covered in rugged brown scales (AC +2, +5% HP). [mutagenic meat]
  4651 | D:10     | Lost mutation: You are clumsy. (Dex -2) [mutagenic meat]
  4897 | D:11     | Noticed a green ugly thing
  5078 | D:11     | Bought an uncursed amulet of regeneration for 450 gold pieces
  5125 | D:11     | Reached ***** piety under Cheibriados
  5181 | D:11     | Killed an unseen horror
  5181 | D:11     | Reached XP level 11. HP: 54/54 MP: 17/17
  5189 | D:11     | Killed a hill giant
  5189 | D:11     | Reached skill level 13 in Stealth
  5298 | D:11     | Noticed a green ugly thing
  5322 | D:12     | Noticed an unseen horror
  5351 | D:12     | Killed an unseen horror
  5389 | D:12     | Killed an unseen horror
  5537 | D:14     | Noticed a deep elf mage
  5543 | D:14     | Found Jiud's Jewellery Emporium.
  5552 | D:14     | Killed a deep elf mage
  5754 | D:14     | Found Liofaash's Armour Boutique.
  5777 | D:14     | Noticed an unseen horror
  5784 | D:14     | Killed an unseen horror
  5834 | D:14     | Found Imosin's Antique Armour Boutique.
  5883 | D:14     | Noticed a centaur warrior
  5885 | D:14     | Killed a centaur warrior
  5885 | D:14     | Reached skill level 10 in Unarmed Combat
  5930 | D:14     | Reached skill level 14 in Stealth
  5988 | D:14     | Noticed a centaur warrior
  5999 | D:14     | Killed a centaur warrior
  5999 | D:14     | Gained mutation: Your thick and shaggy fur keeps you warm (AC +3, rC+). [Felid growth]
  5999 | D:14     | Reached XP level 12. HP: 10/60 MP: 19/19
  6111 | D:15     | Entered Level 15 of the Dungeon
  6150 | D:15     | Noticed a tengu warrior
  6159 | D:15     | Killed a tengu warrior
  6159 | D:15     | Reached skill level 10 in Fighting
  6173 | D:15     | Slain by a griffon

Vault maps used:
D:1:      dpeg_arrival_castle, roderic_greek_sauvastika, cheibriados_altar_1
D:2:      lemuel_crystal_altar
D:3:      xom_redecorated, lemuel_doored_altar, tso_oasis_becter
D:4:      fedhas_altar_1, first_bread, minmay_cut_off, uniq_natasha
D:5:      nemelex_deck, grunt_ministairs_15, lightli_minifort
D:6:      nicolae_overflow_crystal_walls, temple_statues, grunt_ministairs_5,
          uniq_grinder, uniq_prince_ribbit1, uniq_menkaure
D:7:      uniq_joseph
D:8:      minmay_imperfect_grid, evilmike_ruin_ashenzari,
          minmay_lair_entry_grove, serial_shops, shop, blue_anna_alchemist
D:9:      serial_ice, serial_ice_d, serial_ice_l, serial_ice_a, serial_ice_c,
          serial_shops, nicolae_shop_waterfront, trog_hazing_becter
D:10:     eino_small_chamber_without_monster, minmay_misc_feat_roman,
          uniq_maurice
D:11:     serial_shops, shop, serial_bayou_pond_e, small_statue_intersection,
          minmay_misc_feat_room, minivault_24, hangedman_decor_riveting
D:12:     orc_0_dummy, minivault_20
D:13:     grunt_vaults_entry_tiered
D:14:     nicolae_whirlpool, serial_shops, nicolae_shop_waterfront,
          nicolae_shop_waterfront, shop, shop_fountains,
          roderic_hopi_sauvastika, minmay_misc_feat_encased
D:15:     grunt_enter_depths_magical_seal, minmay_statues_item, nicolae_wwwww,
          kennysheep_doodads, uniq_azrael
Temple:   circular_temple_12

Skill      XL: |  1  2  3  4  5  6  7  8  9 10 11 12 |
---------------+-------------------------------------+-----
Stealth        | 2 6 7 8 9 10 12 14 | 14.4
Fighting       | 4 5 6 8 9 10 | 10.0
Dodging        | 5 6 8 10 11 12 | 12.4
Unarmed Combat | 5 6 7 9 10 | 10.3
Invocations    | 3 4 6 7 8 |  8.8

Action                   |  1- 3 |  4- 6 |  7- 9 | 10-12 || total
-------------------------+-------+-------+-------+-------++-------
Melee: Unarmed           |    32 |    73 |   291 |   355 ||   751
Invok: Bend Time         |       |       |     2 |     7 ||     9
       Slouch            |       |       |       |     4 ||     4
Evoke: Deck              |       |     4 |     6 |     1 ||    11
       Wand              |       |       |     6 |    10 ||    16
  Use: Potion            |     2 |     3 |     5 |     2 ||    12
       Scroll            |       |     4 |     7 |     7 ||    18
 Stab: Sleeping          |     4 |     8 |    50 |    27 ||    89
       Distracted        |       |       |     1 |     1 ||     2
       Confused          |       |       |       |     1 ||     1
  Eat: Chunk             |     6 |     7 |    22 |    10 ||    45
